 Dungeon Sprint DCSS version 0.28-a0-71-g84acfa7270 (webtiles) character file.

Game seed: 13838909409563878587

0 Zeldest the Gusty (level 2, -4/22 HPs)
             Began as a Demonspawn Air Elementalist on Aug 2, 2021.
             Was a Believer of Cheibriados.
             Killed from afar by an orc wizard (13 damage)
             ... with a puff of flame
             ... in the Dungeon (Sprint VI: "Thunderdome").
             The game lasted 00:01:55 (123 turns).

Zeldest the Gusty (Demonspawn Air Elementalist)      Turns: 123, Time: 00:01:56

Health: -4/22      AC:  4    Str: 16    XL:     2   Next: 27%
Magic:  0/5        EV: 12    Int: 26    God:    Cheibriados [**....]
Gold:   65         SH:  0    Dex: 20    Spells: 4/5 levels left

rFire   . . .      SeeInvis .     - Unarmed
rCold   + . .      Faith    .   (no shield)
rNeg    . . .      Spirit   .   a - +0 robe
rPois   .          Reflect  .   (no helmet)
rElec   +          Harm     +   (no cloak)
rCorr   .          Rampage  .   (no gloves)
Will    ++...      NoTele   +   (no boots)
Stlth   ++........              m - amulet "Laukhlex" {Acrobat Harm rC+ Will+}
HPRegen 0.07/turn               l - ring "Kopaff" {*Slow rElec rC+ Will+ Dex+3}
MPRegen 0.09/turn               n - ring of Kinkamo {rC- Str+4 Int+6}

@: very slow
A: slimy green scales 1
a: Renounce Religion, Bend Time


You were in the Dungeon.
You worshipped Cheibriados.
Cheibriados was pleased with you.
You visited 1 branch You collected 200 gold pieces.
You spent 135 gold pieces at shops.

Inventory:

Armour
 a - a +0 robe (worn)
Jewellery
 l - the ring "Kopaff" (left hand) {*Slow rElec rC+ Will+ Dex+3}
   (You bought it in a shop in the Dungeon)

   [ring of willpower]

   Dex:       It affects your dexterity (+3).
   rC:        It protects you from cold.
   rElec:     It insulates you from electricity.
   *Slow:     It may slow you when you take damage.
   Will:      It increases your willpower.
 m - the amulet "Laukhlex" (around neck) {Acrobat Harm rC+ Will+}
   (You bought it in a shop in the Dungeon)

   [amulet of the acrobat]

   It increases your evasion while moving and waiting.
   rC:        It protects you from cold.
   Harm:      It increases damage dealt and taken.
   Will:      It increases your willpower.
 n - the ring of Kinkamo (right hand) {rC- Str+4 Int+6}
   (You bought it in a shop in the Dungeon)

   [ring of intelligence]

   Str:       It affects your strength (+4).
   Int:       It affects your intelligence (+6).
   rC:        It makes you vulnerable to cold.
Wands
 h - a wand of acid (5)
 i - a wand of iceblast (5)
Scrolls
 g - 4 scrolls of blinking
 j - 3 scrolls of fog
Potions
 c - a potion of heal wounds
 d - 4 potions of haste
 e - 2 potions of magic
 f - a potion of berserk rage
 k - a potion of resistance


   Skills:
 + Level 2.1 Fighting
 - Level 1.7 Dodging
 - Level 1.7 Stealth
 + Level 1.8 Unarmed Combat
 - Level 2.0 Spellcasting
 - Level 1.0 Conjurations
 + Level 3.4 Air Magic
 + Level 2.7 Invocations


You had 4 spell levels left.
You knew the following spells:

 Your Spells              Type           Power      Damage    Failure   Level
a - Shock                 Conj/Air       56%        1d6       4%          1

Your spell library contained the following spells:

 Spells                   Type           Power      Damage    Failure   Level
 Static Discharge         Conj/Air       14%        N/A       6%          2
 Swiftness                Air            20%        N/A       8%          3
 Airstrike                Air            10%        N/A       26%         4


Dungeon Overview and Level Annotations

Branches:
Dungeon (1/1)

Altars:
Cheibriados
Dithmenos
Fedhas
Gozag
Kikubaaqudgha
Makhleb
Okawaru
Qazlal
Ru
Sif Muna
Trog
Uskayaw
Vehumet
Wu Jian
Xom
Yredelemnul
Zin
The Shining One
Beogh
Jiyva
Lugonu

Shops:
D *[??*?*:[((!!!!


Innate Abilities, Weirdness & Mutations

You are partially covered in slimy green scales. (AC +2)


Message History

Press: ? - help, Shift-Dir - straight line, f - orc wizard
Aim: an orc wizard, wielding a +0 dagger and wearing a +0 robe (wandering, hasn't noticed you, 64% to hit)
The zap misses the orc wizard.
Casting: Shock (safe; 4% risk of failure)
Confirm with . or Enter, or press ? or * to list all spells.
Aiming: Shock (safe; 4% risk of failure)
Press: ? - help, Shift-Dir - straight line, f/p - orc wizard
Aim: an orc wizard, wielding a +0 dagger and wearing a +0 robe (64% to hit)
The zap hits the orc wizard.
The orc wizard is lightly wounded.
Casting: Shock (safe; 4% risk of failure)
Confirm with . or Enter, or press ? or * to list all spells.
Aiming: Shock (safe; 4% risk of failure)
Press: ? - help, Shift-Dir - straight line, p - orc wizard The zap hits the orc wizard.
The orc wizard is lightly wounded.
The zap hits the orc wizard.
The orc wizard is moderately wounded.
Casting: Shock (safe; 4% risk of failure)
Confirm with . or Enter, or press ? or * to list all spells.
Aiming: Shock (safe; 4% risk of failure)
Press: ? - help, Shift-Dir - straight line That beam is likely to hit you.
Continue anyway?
The zap misses the orc wizard.
The zap hits the orc wizard.
The orc wizard is severely wounded.
The zap misses you.
The orc wizard hits you with a +0 dagger.
You hit the orc wizard but do no damage.
The orc wizard is severely wounded.
The orc wizard hits you but does no damage.
You closely miss the orc wizard.
The orc wizard is severely wounded.
The orc wizard points at you and mumbles some strange words.
The puff of flame hits you!
* * * LOW HITPOINT WARNING * * *
You feel better. The orc wizard casts a spell at you.
The puff of flame hits you!
Ouch! That really hurt!
You die...

#_......._# #_......._#
###.........###
#⌠...........⌠#
######.8.........8.######
##._._......###......___∩##
###∩........8.# #.8........∩#
##.............###.........†..
#⌠..........###o@.###.........
#⌠..........# #.<.# #.........
#⌠..........###...###.........
##.............###....).......
###∩........8.# #.8........∩#
##∩_._...)..###......___∩##
######.8.........8.######
#⌠...........⌠#
###.........###


You could see an orc wizard.

Vanquished Creatures
  An adder (D)
  2 goblins (D)
  A hobgoblin (D)
4 creatures vanquished.

Notes
Turn   | Place    | Note
-------+----------+-------------------------------------------
     0 | D        | Zeldest the Demonspawn Air Elementalist began the quest for
                  | the Orb.
     0 | D        | Reached XP level 1. HP: 13/13 MP: 3/3
     1 | D        | Found an ancient bone altar of Kikubaaqudgha.
     1 | D        | Found a bloodstained altar of Trog.
     2 | D        | Found a hide-covered altar of Uskayaw.
     3 | D        | Found a snail-covered altar of Cheibriados.
     3 | D        | Found a corrupted altar of Lugonu.
     4 | D        | Found Afytwyf's Identification Station.
     5 | D        | Found Ahoanauv's Advanced Armour.
     5 | D        | Found Xoass's Jewellery.
     5 | D        | Round 1.
     6 | D        | Found a blossoming altar of Fedhas.
    11 | D        | Became a worshipper of Cheibriados the Contemplative
    20 | D        | Bought a slimy granite ring for 45 gold pieces
    20 | D        | Identified the ring "Kopaff" {*Slow rElec rC+ Will+ Dex+3}
                  | (You bought it in a shop in the Dungeon)
    20 | D        | Bought a bound graven amulet for 45 gold pieces
    20 | D        | Identified the amulet "Laukhlex" {Acrobat Harm rC+ Will+}
                  | (You bought it in a shop in the Dungeon)
    20 | D        | Bought a fine tin ring for 45 gold pieces
    20 | D        | Identified the ring of Kinkamo {rC- Str+4 Int+6} (You
                  | bought it in a shop in the Dungeon)
    29 | D        | Found a sacrificial altar of Ru.
    36 | D        | Reached skill level 1 in Invocations
    36 | D        | Found Xeitiz's Premium Goods.
    37 | D        | Found a radiant altar of Vehumet.
    37 | D        | Found a viscous altar of Jiyva.
    37 | D        | Found Saerut Muur's Weapon Rack.
    37 | D        | Found Vexucily's Miscellaneous Merchandise.
    37 | D        | Found Okoy's Basic Armour.
    42 | D        | Found a shimmering altar of Xom.
    43 | D        | Found a shimmering blue altar of Sif Muna.
    44 | D        | Found Camy's Do-It-Yourself Clinic.
    45 | D        | Found Gurergh's Bottled Wisdom.
    45 | D        | Found Bur Seagg's Distillery.
    45 | D        | Found an opulent altar of Gozag.
    45 | D        | Found a shadowy altar of Dithmenos.
    45 | D        | Found an ornate altar of the Wu Jian Council.
    45 | D        | Found Susselok's Distillery.
    48 | D        | Reached * piety under Cheibriados
    49 | D        | Reached skill level 1 in Fighting
    49 | D        | Reached skill level 3 in Air Magic
    56 | D        | Reached skill level 1 in Unarmed Combat
    59 | D        | Found an iron altar of Okawaru.
    60 | D        | Found a stormy altar of Qazlal.
    62 | D        | Found a basalt altar of Yredelemnul.
    62 | D        | Found a burning altar of Makhleb.
    62 | D        | Found Haukkoez's Staff Store.
    62 | D        | Found Ovoej's Magic Scroll Shop.
    63 | D        | Found Faevon's Must-Have Magic.
    63 | D        | Found Tuemat's Magic Scroll Shop.
    93 | D        | Reached ** piety under Cheibriados
    94 | D        | Gained mutation: You are partially covered in slimy green
                  | scales. (AC +2) [demonic ancestry]
    94 | D        | Reached XP level 2. HP: 15/22 MP: 1/5
   122 | D        | HP: 1/22 [orc wizard/puff of flame (10)]
   123 | D        | Killed from afar by an orc wizard

Illustrated notes

Levels and vault maps discovered:
D:        arena_sprint

Skill      XL: |  1 |
---------------+----+-----
Invocations    | 2 |  2.7
Fighting       | 2 |  2.1
Air Magic      | 3 |  3.4
Unarmed Combat | 1 |  1.8
Dodging        | |  1.7
Stealth        | |  1.7
Spellcasting   | |  2.0
Conjurations   | |  1.0

Action                   || total
-------------------------++-------
Melee: Unarmed           ||    22
       Punch             ||     1
 Cast: Shock             ||    11
  Use: Potion            ||     4
Armor: Robe              ||     3
Dodge: Dodged            ||    18

Table legend: (Time is in decaauts)
 A = Elapsed time spent in this place.
 B = Non-inter-level travel time spent in this place.
 C = Inter-level travel time spent in this place.
 D = Time resting spent in this place.
 E = Time spent auto-exploring this place.
 F = Levels seen in this place.
 G = Mean time per level.
                   A        B        C        D        E       F      G
               +--------+--------+--------+--------+--------+-----+--------+
         Total |    143 |    143 |      0 |      7 |      3 |   1 |  143.0 |
       Dungeon |    143 |    143 |      0 |      7 |      3 |   1 |  143.0 |
               +--------+--------+--------+--------+--------+-----+--------+

Top non-repeatable levels by time:
       D: 143 daAuts
